 Dungeon Crawl Stone Soup version 0.26.1-11-gd32895ea62 (webtiles) character file.

Game seed: 1097289334198302031

78 dtburroughs the Chopper (level 4, -8/41 HPs)
             Began as a Minotaur Berserker on June 25, 2021.
             Was a Follower of Trog.
             Killed by divine providence
             ... invoked by an orc priest
              (16 damage)
             ... on level 2 of the Dungeon.
             The game lasted 00:02:45 (2010 turns).

dtburroughs the Chopper (Minotaur Berserker)        Turns: 2010, Time: 00:02:46

Health: -8/41      AC:  2    Str: 22    XL:     4   Next: 15%
Magic:  3/3        EV: 13    Int:  5    God:    Trog [*.....]
Gold:   138        SH:  0    Dex:  9    Spells: 3/3 levels left

rFire    . . .     SeeInvis .   a - +0 hand axe
rCold    . . .     Faith    .   (no shield)
rNeg     . . .     Spirit   .   b - +0 animal skin
rPois    .         Reflect  .   (helmet restricted)
rElec    .         Harm     .   (no cloak)
rCorr    .         Rampage  .   (no gloves)
Will     .....                  (no boots)
Stlth    +.........             (no amulet)
HPRegen  0.13/turn              (no ring)
MPRegen  0.08/turn              (no ring)

@: no status effects
A: retaliatory headbutt, horns 2
a: Renounce Religion, Berserk


You were on level 2 of the Dungeon.
You worshipped Trog.
Trog was aware of your devotion.
You visited 1 branch of the dungeon, and saw 2 of its levels.

You collected 138 gold pieces.

Inventory:

Hand Weapons
 a - a +0 hand axe (weapon)
Armour
 b - a +0 animal skin (worn)
 l - a +0 ring mail
Jewellery
 k - an uncursed ring of see invisible {unknown}
Wands
 i - a wand of polymorph (3)
Scrolls
 d - 3 scrolls of identify {unknown}
 f - 3 scrolls of remove curse {unknown}
 h - a scroll of blinking {unknown}
 j - a scroll of noise {unknown}
Potions
 c - a potion of might {unknown}
 e - a potion of curing {unknown}
 g - a potion of attraction {unknown}


   Skills:
 + Level 4.3 Fighting
 + Level 4.3 Axes
 + Level 3.4 Armour
 + Level 3.1 Dodging


You had 3 spell levels left.
You didn't know any spells.
Your spell library was empty.

Dungeon Overview and Level Annotations

Branches:
Dungeon (2/15)

Altars:


Innate Abilities, Weirdness & Mutations

You reflexively headbutt those who attack you in melee.
You have a pair of horns on your head.


Message History

The orc priest hits you with a +0 short sword!
The orc wizard hits you but does no damage.
You hit the orc priest.
The orc priest is severely wounded.
You closely miss the orc wizard. The orc wizard misses you.
The orc priest hits you with a +0 short sword!
* * * LOW HITPOINT WARNING * * *
You hit the orc priest but do no damage.
Your headbutt misses the orc priest.
The orc priest is severely wounded.
You closely miss the orc wizard.
The orc wizard gestures wildly while chanting.
The orc wizard blinks!
The orc priest hits you with a +0 short sword.
* * * LOW HITPOINT WARNING * * *
You closely miss the orc priest. Your headbutt misses the orc priest.
The orc priest is severely wounded.
The orc priest calls down the wrath of Beogh upon you.
Beogh smites you!
You die...

....# #.....# ....#
#.... ....# ###..####
....# #..)....# ....#
#.#...#.# #'#####
#..†..#.# #.#
#.##########.###.# #.#
#.........)#o# #.#
#.###.#........#@###.#
#....................#
######.........#####<#
#.#...###....##.#
#...#.# ####....#
#####.# #.####
#.######....#
#.......###.#
#..#.##.###.#


You could see an orc priest.

Vanquished Creatures
  Jessica (D:2)
  An adder (D:2)
  A worm (D:2)
  A leopard gecko (D:1)
  3 orcs (D:2)
  2 bats
  3 giant cockroaches
  2 goblins (D:2)
  4 hobgoblins
  4 jackals
  2 quokkas (D:2)
  5 kobolds
  5 rats
34 creatures vanquished.

Notes
Turn   | Place    | Note
-------+----------+-------------------------------------------
     0 | D:1      | dtburroughs the Minotaur Berserker began the quest for the
                  | Orb.
     0 | D:1      | Reached XP level 1. HP: 19/19 MP: 0/0
   542 | D:1      | Reached XP level 2. HP: 27/27 MP: 1/1
  1006 | D:2      | Noticed Jessica
  1022 | D:2      | Killed Jessica
  1023 | D:2      | Reached XP level 3. HP: 12/33 MP: 2/2
  1793 | D:2      | Reached XP level 4. HP: 32/40 MP: 3/3
  1993 | D:2      | Reached ** piety under Trog
  2010 | D:2      | Killed from afar by an orc priest

Illustrated notes

Levels and vault maps discovered:
D:1:      saegor_arrival_simple_a, layout_loops_ring, grunt_decor_junction,
          hangedman_decor_riveting, minmay_fountain_box
D:2:      layout_basic, uniq_jessica

Skill      XL: |  1  2  3 |
---------------+----------+-----
Fighting       | 4 |  4.3
Axes           | 4 |  4.3
Armour         | 3 |  3.4
Dodging        | 3 |  3.1

Action                   |  1- 3 |  4- 6 || total
-------------------------+-------+-------++-------
Melee: Hand axe          |    50 |    17 ||    67
       Headbutt          |     7 |     2 ||     9
       Unarmed           |    14 |       ||    14
Invok: Berserk           |     1 |       ||     1
       Trog's Hand       |       |     1 ||     1
Armor: Animal skin       |    10 |     5 ||    15
Dodge: Dodged            |    50 |    14 ||    64
